 Dungeon Crawl Stone Soup version 0.28.0-53-g5a82cb258f (console) character file.

Game seed: 6919389144302131347

1995 grimtooth the Covert (level 9, -8/51 HPs)
             Began as an Octopode Hedge Wizard on June 23, 2022.
             Mangled by Duvessa
             ... wielding a +0 rapier
              (19 damage)
             ... on level 4 of the Dungeon.
             The game lasted 00:35:20 (8194 turns).

grimtooth the Covert (Octopode Hedge Wizard)        Turns: 8194, Time: 00:35:21

Health: -8/51      AC:  3    Str:  9    XL:     9   Next: 21%
Magic:  4/14       EV: 13    Int: 21    God:
Gold:   54         SH:  5    Dex: 11    Spells: 8/15 levels left

rFire   . . .      SeeInvis .   u - +4 rapier (venom)
rCold   . . .      Faith    .   (no shield)
rNeg    . . .      Spirit   .   s - +2 hat
rPois   .          Reflect  +   h - amulet of reflection
rElec   .          Harm     .   (no ring)
rCorr   .          Rampage  .   (no ring)
Will    .....                   (no ring)
Stlth   +++++.....              (no ring)
HPRegen 0.17/turn               (no ring)
MPRegen 0.14/turn               (no ring)
                                (no ring)
                                (no ring)

@: hasted, very quick
A: almost no armour, amphibious, 8 rings, camouflage 1, gelatinous body 1,
(nimble swimmer 1), tentacles
a: no special abilities


You were on level 4 of the Dungeon.
You visited 1 branch of the dungeon, and saw 7 of its levels.

You collected 343 gold pieces.
You spent 289 gold pieces at shops.

Inventory:

Hand Weapons
 a - a +0 dagger
 b - the +8 dagger of Kiobaj {freeze, rElec rPois rF-}
   (You found it on level 3 of the Dungeon)

   It freezes those it strikes, dealing additional cold damage.
   It can also slow down cold-blooded creatures.
   rF:        It makes you vulnerable to fire.
   rElec:     It insulates you from electricity.
   rPois:     It protects you from poison.
 u - a +4 rapier of venom (weapon)
Missiles
 d - 101 stones (quivered)
 o - 38 sling bullets
 r - 3 boomerangs
Armour
 p - a +0 hat
 s - a +2 hat (worn)
Jewellery
 h - an amulet of reflection (around mantle)
Wands
 A - a wand of digging (6)
Scrolls
 c - 3 scrolls of teleportation
 f - a scroll of enchant armour {unknown}
 j - 3 scrolls of immolation
 m - 3 scrolls of fog {unknown}
 n - a scroll of fear {unknown}
 v - 3 scrolls of enchant weapon {unknown}
 C - a scroll of holy word
Potions
 e - 2 potions of curing
 g - 3 potions of brilliance
 k - 2 potions of flight {unknown}
 l - a potion of haste
 q - a potion of invisibility {unknown}
 t - 3 potions of ambrosia {unknown}
 w - a potion of heal wounds {unknown}
 z - a potion of might
 B - a potion of mutation


   Skills:
 - Level 6.0 Short Blades
 - Level 2.0 Dodging
 - Level 9.0 Stealth
 + Level 3.5 Spellcasting
 - Level 6.0 Conjurations
 * Level 4.7 Hexes
 - Level 1.0 Summonings
 - Level 1.0 Translocations


You had 8 spell levels left.
You knew the following spells:

 Your Spells              Type           Power      Damage    Failure   Level
a - Magic Dart            Conj           100%       1d8       1%          1
b - Slow                  Hex            92%        N/A       1%          1
f - Conjure Flame         Conj/Fire      16%        6-21      11%         3
k - Blink                 Tloc           16%        N/A       13%         2

Your spell library contained the following spells:

 Spells                   Type           Power      Damage    Failure   Level
 Call Imp                 Summ           8%         N/A       13%         2
 Mephitic Cloud           Conj/Pois/Air  12%        N/A       17%         3
 Gell's Gravitas          Tloc           8%         N/A       26%         3
 Lesser Beckoning         Tloc           8%         N/A       26%         3
 Teleport Other           Tloc           8%         N/A       26%         3


Dungeon Overview and Level Annotations

Branches:
Dungeon (7/15)
 Temple: D:4-7

Altars:
Okawaru

Shops:
D:1 *(*[(

Annotations:
D:4 Duvessa
D:5 3 runed translucent doors, TheMimicMan's ghost, novice MiAK; Zeld's ghost, amateur DrCj
D:6 2 transporters, quokkamancerX's ghost, novice TrMo
D:7 Harold


Innate Abilities, Weirdness & Mutations

You cannot wear most types of armour.
You are amphibious.
You can wear up to eight rings at the same time.
Your skin changes colour to match your surroundings (Stealth+).
Your rubbery body absorbs attacks. (AC +1, EV +1)
((You are camouflaged when in or above water. (Stealth+)))
You have tentacles for arms and can constrict up to eight enemies at once.


Message History

Confirm with . or Enter, or press ? or * to list all spells.
Aiming: Slow (safe; 1% risk of failure)
Press: ? - help, Shift-Dir - straight line, f/p - Duvessa
Aim: Duvessa, wielding a +0 rapier, wearing a +0 ring mail and carrying a wand of flame (11) (severely wounded, berserk, chance to affect: 45%) Duvessa seems to slow down.
You barely miss Duvessa. You grab Duvessa.
Duvessa is severely wounded.
You constrict Duvessa, but do no damage.
You block Duvessa's attack.
You release your grip on Duvessa.
Casting: Slow (safe; 1% risk of failure)
Confirm with . or Enter, or press ? or * to list all spells.
Aiming: Magic Dart (safe; 1% risk of failure)
Press: ? - help, Shift-Dir - straight line, f/p - Duvessa
Aim: Duvessa, wielding a +0 rapier, wearing a +0 ring mail and carrying a wand of flame (11) (severely wounded, berserk, slow, 100% to hit)
The magic dart hits Duvessa but does no damage.
Duvessa is severely wounded.
Duvessa rages.
You feel better.
You hit Duvessa but do no damage.
Duvessa is poisoned.
You grab Duvessa.
Duvessa is severely wounded.
You constrict Duvessa, but do no damage.
Duvessa misses you.
You release your grip on Duvessa.
Casting: Magic Dart (safe; 1% risk of failure)
Confirm with . or Enter, or press ? or * to list all spells.
Aiming: Magic Dart (safe; 1% risk of failure)
Press: ? - help, Shift-Dir - straight line, f/p - Duvessa
Aim: Duvessa, wielding a +0 rapier, wearing a +0 ring mail and carrying a wand of flame (11) (severely wounded, berserk, very poisoned, slow, 100% to hit)
The magic dart hits Duvessa.
Duvessa is severely wounded.
Casting: Magic Dart (safe; 1% risk of failure)
Confirm with . or Enter, or press ? or * to list all spells.
Aiming: Magic Dart (safe; 1% risk of failure)
Press: ? - help, Shift-Dir - straight line, f/p - Duvessa
Aim: Duvessa, wielding a +0 rapier, wearing a +0 ring mail and carrying a wand of flame (11) (severely wounded, berserk, very poisoned, slow, 100% to hit)
The magic dart hits Duvessa.
Duvessa is almost dead.
Duvessa hits you with a +0 rapier!!
You die...

...##....####.##..........##....#
#######....#..).......###..#...##
.## #................##......#
..######...###)........##......#
.....#.....###........###.....##
###.........##....##.......#...#
#.....#....).##.##.......#.####
###...#######..###........#...#.
##.#..## #.###...............
#.....# ##J####..............
......## ###..e@................
.......####.......#.......##.....
##......#.........#......##......
##................#..............
##..........##.......(..#.....##.
.#........######..........#......
....##.....####..##.......#......
.#.###...................^#...#..
#....#...............#.....[#####
###..#...>.#.............#.##
.#........##.............###


You could see Duvessa (berserk, very poisoned, slow) and a jelly.

Vanquished Creatures
  Eustachio (D:4)
  Menkaure (D:4)
  An orc warrior (D:7)
  An ice beast (D:4)
  A black bear (D:5)
  3 ogres
  A centaur (D:6)
  A phantom (D:5)
  2 bullfrogs (D:6)
  A wyvern zombie (D:6)
  2 scorpions (D:5)
  2 water moccasin skeletons (D:4)
  Dowan (D:4)
  A bullfrog zombie (D:5)
  2 centaur skeletons
  2 gnoll shamans
  A hound (D:5)
  4 iguanas
  Terence (D:2)
  19 gnolls
  5 adders
  4 ufetubi
  An adder skeleton (D:4)
  3 worms
  3 dart slugs
  7 orcs
  5 endoplasms
  2 giant cockroaches (D:3)
  6 goblins
  7 hobgoblins
  5 kobolds
  A quokka (D:4)
  5 ball pythons
  4 bats
  A frilled lizard (D:2)
  3 rats
110 creatures vanquished.

Vanquished Creatures (others)
  4 withered plants (D:5)
4 creatures vanquished.

Grand Total: 114 creatures vanquished

Notes
Turn   | Place    | Note
-------+----------+-------------------------------------------
     0 | D:1      | grimtooth the Octopode Hedge Wizard began the quest for the
                  | Orb.
     0 | D:1      | Reached XP level 1. HP: 11/11 MP: 4/4
   104 | D:1      | Found Ygonocs's Assorted Antiques.
   195 | D:1      | Found Woit's Weapon Shoppe.
   319 | D:1      | Found Zulegev's Assorted Antiques.
   356 | D:1      | Reached skill level 3 in Stealth
   356 | D:1      | Reached XP level 2. HP: 17/17 MP: 0/6
   501 | D:1      | Bought a scroll labelled EVOSACL ICHA for 26 gold pieces
   621 | D:1      | Found Qoegh's Antique Armour Shop.
   676 | D:1      | Found Yffuin's Antique Weapon Boutique.
  1003 | D:1      | Learned a level 1 spell: Slow
  1080 | D:2      | Found a faded altar of an unknown god.
  1088 | D:2      | Learned a level 2 spell: Blink
  1130 | D:2      | Reached XP level 3. HP: 21/21 MP: 0/7
  1899 | D:2      | Noticed Terence
  2045 | D:2      | Reached skill level 4 in Stealth
  2045 | D:2      | Reached XP level 4. HP: 17/27 MP: 1/8
  2674 | D:3      | Identified the +8 dagger of Kiobaj {freeze, rElec rPois
                  | rF-}
  3081 | D:3      | Reached XP level 5. HP: 31/31 MP: 4/9
  3869 | D:3      | Reached skill level 5 in Stealth
  3948 | D:4      | Noticed Eustachio
  3967 | D:4      | Killed Eustachio
  3968 | D:4      | Reached skill level 5 in Conjurations
  3968 | D:4      | Reached XP level 6. HP: 17/36 MP: 6/10
  4357 | D:4      | Noticed an ice beast
  4391 | D:4      | Killed an ice beast
  4392 | D:4      | Reached skill level 6 in Stealth
  4392 | D:4      | Reached XP level 7. HP: 35/41 MP: 0/11
  4533 | D:4      | Noticed Duvessa
  4533 | D:4      | Noticed Dowan
  4695 | D:4      | Noticed Menkaure
  4718 | D:4      | Reached skill level 1 in Short Blades
  4790 | D:4      | Reached skill level 7 in Stealth
  5114 | D:5      | Entered Level 5 of the Dungeon
  5640 | D:5      | Reached XP level 8. HP: 45/46 MP: 7/12
  5921 | D:5      | Reached skill level 8 in Stealth
  6260 | D:5      | Reached skill level 5 in Short Blades
  6401 | D:5      | Found a runed translucent gate.
  6402 | D:5      | Found a runed translucent gate.
  6403 | D:5      | Found a runed translucent gate.
  6404 | D:5      | Noticed Zeld's ghost (amateur DrCj)
  6405 | D:5      | Noticed TheMimicMan's ghost (novice MiAK)
  6463 | D:5      | Learned a level 3 spell: Conjure Flame
  6470 | D:6      | Found a transporter.
  6471 | D:6      | Noticed quokkamancerX's ghost (novice TrMo)
  6483 | D:6      | Found a transporter.
  6625 | D:6      | Reached skill level 1 in Hexes
  6844 | D:6      | Reached skill level 9 in Stealth
  7306 | D:6      | Reached XP level 9. HP: 43/51 MP: 6/13
  7405 | D:1      | Bought a scroll labelled MUACOF ZISIL for 21 gold pieces
  7405 | D:1      | Bought a cyan potion for 18 gold pieces
  7405 | D:1      | Bought a fluorescent wand for 84 gold pieces
  7405 | D:1      | Bought a scroll labelled EVOSACL ICHA for 21 gold pieces
  7405 | D:1      | Bought a scroll labelled EVOSACL ICHA for 21 gold pieces
  7450 | D:1      | Bought a black potion for 23 gold pieces
  7450 | D:1      | Bought a scroll labelled DIGALE COTEA for 26 gold pieces
  7450 | D:1      | Bought a red potion for 23 gold pieces
  7450 | D:1      | Bought a scroll labelled CIWEXAITWA for 26 gold pieces
  7737 | D:7      | Found an iron altar of Okawaru.
  7865 | D:7      | Noticed Harold
  7994 | D:2      | Killed Terence
  8106 | D:4      | Killed Menkaure
  8142 | D:4      | Killed Dowan
  8174 | D:4      | HP: 2/51 [Duvessa/+0 rapier (11)]
  8194 | D:4      | Mangled by Duvessa

Illustrated notes

Levels and vault maps discovered:
D:1:      matt_arrival_spirals, layout_basic, serial_shops,
          nicolae_shop_waterfront, nicolae_shop_waterfront, shop,
          nicolae_lakefront_shop, nicolae_shop_hallway_plus,
          minmay_strange_pillars, feat_on_display
D:2:      layout_basic, chequers_ecumenical_altar_simple_redux, uniq_terence
D:3:      minmay_wonky_spiral, layout_basic,
          nicolae_concentric_dashed_squares_wild, supply_closet_lemuel
D:4:      layout_cave_pools, uniq_menkaure, uniq_duvessa, uniq_eustachio
D:5:      layout_basic, gammafunk_ghost_cemetery
D:6:      layout_rooms, gammafunk_ghost_stat_death
D:7:      layout_basic, kennysheep_okawaru_gauntlet,
          minmay_temple_entry_from_below_a, chequers_serial_rivers_micro_b,
          skrybe_limestone_x, hangedman_decor_riveting, abandoned_shop,
          uniq_harold

Skill      XL: |  1  2  3  4  5  6  7  8  9 |
---------------+----------------------------+-----
Stealth        | 3 4 5 6 7 9 |  9.0
Conjurations   | 2 3 5 6 |  6.0
Short Blades   | 3 6 |  6.0
Hexes          | 3 4 |  4.7
Dodging        | |  2.0
Spellcasting   | |  3.5
Summonings     | |  1.0
Translocations | |  1.0

Action                   |  1- 3 |  4- 6 |  7- 9 || total
-------------------------+-------+-------+-------++-------
Melee: Dagger            |    15 |    43 |    74 ||   132
       Tentacles         |     5 |     8 |    20 ||    33
       Constrict         |     5 |     6 |    13 ||    24
       Punch             |       |     1 |       ||     1
       Rapier            |       |       |     4 ||     4
Throw: Stone             |     1 |       |       ||     1
       Dart              |       |       |    10 ||    10
 Cast: Magic Dart        |    81 |    81 |   138 ||   300
       Slow              |       |    12 |     2 ||    14
       Blink             |       |     1 |     2 ||     3
       Conjure Flame     |       |       |     2 ||     2
  Use: Scroll            |       |       |    10 ||    10
       Potion            |       |       |     2 ||     2
 Stab: Sleeping          |       |     6 |    13 ||    19
Armor: Skin              |     2 |     4 |    11 ||    17
Dodge: Dodged            |    11 |    34 |    35 ||    80
Block: Other             |     2 |     8 |    11 ||    21
       Reflection        |       |       |     1 ||     1
